 Dungeon Crawl Stone Soup version 0.32-a0-411-g744942f433 (webtiles) character file.

Game seed: 14816451936546629443

4970 ezpacito the Cleaver (level 10, 0/76 HPs)
             Began as a Demonspawn Chaos Knight on Feb 20, 2024.
             Was a Plaything of Xom.
             Slain by a two-headed ogre
             ... wielding a +0 giant club
              (3 damage)
             ... on level 9 of the Dungeon.
             The game lasted 00:11:39 (7502 turns).

ezpacito the Cleaver (Demonspawn Chaos Knight)      Turns: 7502, Time: 00:11:41

Health: 0/76       AC: 14    Str: 17    XL:     10   Next: 28%
Magic:  16/16      EV: 11    Int: 16    God:    Xom [.*....]
Gold:   457        SH:  0    Dex: 17    Spells: 8/15 levels left

rFire   + . .        a - +1 hand axe (chaos)
rCold   + + .        (no shield)
rNeg    . . .        h - +1 scale mail {rC+}
rPois   .            (no helmet)
rElec   .            (no cloak)
rCorr   +            u - +0 pair of gloves
SInv    .            g - +0 pair of boots
Will    .....        (no amulet)
Stlth   +            v - ring of resist corrosion
HPRegen 0.32/turn    B - +6 ring of dexterity
MPRegen 0.15/turn

%: no passive effects
@: no status effects
A: icy blue scales 3, foul stench 2, demonic magic 1, weakness stinger 1, hooves
1, clever 1, fire resistance 1, high MP 1, sense surroundings 1
a: Renounce Religion


You were on level 9 of the Dungeon.
You worshipped Xom.
You were a plaything of Xom.
You visited 1 branch of the dungeon, and saw 9 of its levels.

You collected 863 gold pieces.
You spent 406 gold pieces at shops.

Inventory:

Hand Weapons
 a - a +1 hand axe of chaos (weapon)
 n - a +0 war axe
 F - a +1 vampiric battleaxe
Missiles
 d - 18 poisoned darts (quivered)
 i - 2 darts of dispersal
 w - 4 atropa-tipped darts
Armour
 b - the +0 buckler of Jekadgh {Int+2}
   (Xom gifted it to you on level 5 of the Dungeon)

   Int+2:     It affects your intelligence (+2).
 g - a +0 pair of boots (worn)
 h - a +1 scale mail of cold resistance (worn)
 s - an orb of guile
 u - a +0 pair of gloves (worn)
Magical Staves
 x - a staff of alchemy
Jewellery
 e - a +5 ring of evasion
 f - a +6 ring of intelligence
 v - a ring of resist corrosion (left hand)
 B - a +6 ring of dexterity (right hand)
Talismans
 q - a beast talisman
 D - a maw talisman
Wands
 y - a wand of flame (27)
 A - a wand of paralysis (11)
 E - a wand of iceblast (13)
Scrolls
 c - a scroll of butterflies
 m - 3 scrolls of teleportation
 p - 3 scrolls of blinking
 r - a scroll of revelation
 C - a scroll of identify
 G - a scroll of poison
Potions
 j - a potion of magic
 k - a potion of brilliance
 l - a potion of curing
 o - 2 potions of enlightenment
 t - a potion of mutation {unknown}
 z - 2 potions of attraction


   Skills:
 * Level 6.0 Fighting
 * Level 8.2 Axes
 * Level 5.0 Armour
 * Level 3.6 Dodging
 * Level 4.2 Stealth
 + Level 0.7 Shields
 * Level 3.5 Unarmed Combat
 * Level 3.3 Spellcasting
 * Level 3.5 Hexes
 * Level 3.1 Alchemy
 * Level 2.4 Evocations


You had 8 spell levels left.
You knew the following spells:

 Your Spells              Type           Power      Damage    Failure   Level
a - Yara's Violent Unrav  Hex/Alch       6%         3d5       98%         5
b - Jinxbite              Hex            28%        N/A       19%         2

Your spell library contained the following spells:

 Spells                   Type           Power      Damage    Failure   Level
 Magic Dart               Conj           8%         1d3       50%         1
 Blink                    Tloc           4%         N/A       63%         2
 Call Imp                 Summ           4%         N/A       63%         2
 Dazzling Flash           Conj/Hex       16%        N/A       63%         3
 Volatile Blastmotes      Fire/Tloc      4%         2d10      86%         3
 Starburst                Conj/Fire      1%         6d3       100%        6
 Malign Gateway           Summ/Tloc      1%         N/A       100%        7
 Ozocubu's Refrigeration  Ice            1%         4d7       100%        7
 Maxwell's Capacitive Co  Air            1%         ∞         100%        8
 Summon Horrible Things   Summ           1%         N/A       100%        8


Dungeon Overview and Level Annotations

Branches:
Dungeon (9/15)             Temple (0/1) D:5
   Lair: D:8-11         Orc: D:9-12

Altars:
Ashenzari
Cheibriados
Dithmenos
Kikubaaqudgha
Nemelex Xobeh
Okawaru
Qazlal
Uskayaw
Vehumet
Xom
Yredelemnul

Shops:
D:4 ?   D:5 *(([   D:9 (


Innate Abilities, Weirdness & Mutations

You are completely covered in icy blue scales. (AC +4, rC+)
You sometimes emit foul miasma when damaged in melee.
Spells you cast may paralyse adjacent enemies.
You have a small tail.
You have large cloven feet.
Your mind is acute. (Int +4, Str/Dex -1)
Your flesh is heat resistant. (rF+)
You have an increased reservoir of magic. (+10% MP)
You passively map a small area around you.


Message History

G - a scroll of poison
Okay, then.
Okay, then.
Your +1 battleaxe of venom begins to drip with poison!
F - a +1 battleaxe of venom (weapon)
As you read the scroll of brand weapon, it crumbles to dust.
Your +1 battleaxe of venom crackles with electricity.
F - a +1 battleaxe of electrocution (weapon)
As you read the scroll of brand weapon, it crumbles to dust.
Your +1 battleaxe of electrocution thirsts for the lives of mortals!
F - a +1 vampiric battleaxe (weapon)
Things that are here:
a +1 shortbow of freezing; a centaur corpse
t - a coppery potion A two-headed ogre comes into view.
It is wielding two +0 giant clubs.
The two-headed ogre shouts in stereo!
You are now a plaything of Xom.
The two-headed ogre hits you with a +0 giant club!
The two-headed ogre hits you with a +0 giant club.
You hit the two-headed ogre.
You feel better.
The two-headed ogre is lightly wounded.
You slash the two-headed ogre!
The two-headed ogre is moderately wounded.
The two-headed ogre hits you with a +0 giant club!! x2
* * * LOW HITPOINT WARNING * * *
You are too injured to fight recklessly!
You are too injured to fight recklessly!
You are too injured to fight recklessly!
You are too injured to fight recklessly!
You are too injured to fight recklessly!
You are too injured to fight recklessly!
You are too injured to fight recklessly!
You are too injured to fight recklessly!
You are too injured to fight recklessly!
You feel the dreadful sensation subside.
Your +1 hand axe of chaos is briefly surrounded by a scintillating aura of random colours.
a - a +1 hand axe of chaos (weapon)
The two-headed ogre hits you with a +0 giant club.
You die...
Xom thinks this is hilarious!

#### #######
...###### #.....#
#..)...# #.....# ,
#......###.)...# ,
*###..............#
,
......O..........#
#...@.......[.#
#.............#
#.............##
....#######.#####
###** #.# , #.## ,
#..# * #..#
#####..#


You could see a two-headed ogre.

Vanquished Creatures
  Grinder (D:6)
  5 yaks (D:9)
  A wyvern (D:8)
  Grum (D:8)
  A steam dragon (D:5)
  Edmund (D:6)
  3 water moccasins
  A black bear (D:6)
  A wolf (D:8)
  4 centaurs
  A boggart (D:5)
  An ogre (D:6)
  3 phantoms
  A lemure (D:4)
  2 kobold brigands (D:8)
  2 bullfrogs
  2 scorpions
  A ballistomycete (D:5)
  5 killer bees (D:7)
  A howler monkey (D:6)
  3 bombardier beetles
  A hound (D:5)
  A jelly (D:5)
  A sleepcap (D:7)
  Jessica (D:2)
  5 iguanas
  4 orc wizards
  4 gnolls (D:6)
  3 adders
  7 river rats (D:5)
  3 shadow imps
  5 white imps
  2 ufetubi (D:6)
  3 dart slugs
  14 orcs
  10 ball pythons
  6 bats
  5 endoplasms
  2 giant cockroaches
  8 goblins
  9 hobgoblins
  9 jackals
  14 kobolds
  7 quokkas
  8 frilled lizards
  20 rats
193 creatures vanquished.

Vanquished Creatures (collateral kills)
  Pikel (D:4)
  A black bear (D:6)
  A wolf (D:8)
  A phantom (D:4)
  2 lemures (D:4)
  A hound (D:4)
  An adder (D:4)
  2 orcs
  A jackal (D:4)
11 creatures vanquished.

Vanquished Creatures (others)
  A quokka (D:5)
  8 ballistomycete spores (D:5)
9 creatures vanquished.

Grand Total: 213 creatures vanquished

Notes
Turn   | Place    | Note
-------+----------+-------------------------------------------
     0 | D:1      | ezpacito the Demonspawn Chaos Knight began the quest for
                  | the Orb.
     0 | D:1      | Reached XP level 1. HP: 18/18 MP: 1/1
    62 | D:1      | Reached skill level 1 in Dodging
   103 | D:1      | Gained mutation: You are partially covered in icy blue
                  | scales. (AC +2) [demonic ancestry]
   103 | D:1      | Reached XP level 2. HP: 24/24 MP: 2/2
   146 | D:1      | XOM: divination: detect items
   215 | D:1      | XOM: potion effect (might)
   229 | D:1      | Reached skill level 3 in Axes
   343 | D:1      | Gained mutation: You have a small tail. [demonic ancestry]
   343 | D:1      | Reached XP level 3. HP: 29/29 MP: 3/3
   614 | D:1      | XOM: divination: detect items
   650 | D:1      | Found a faded altar of an unknown god.
   848 | D:1      | XOM: silly message
   850 | D:1      | Reached skill level 1 in Stealth
  1041 | D:2      | XOM: divination: detect creatures
  1043 | D:2      | Gained mutation: You are mostly covered in icy blue scales.
                  | (AC +3) [demonic ancestry]
  1043 | D:2      | Reached XP level 4. HP: 34/35 MP: 5/5
  1164 | D:2      | Noticed Jessica
  1167 | D:2      | XOM: silly message
  1171 | D:2      | HP: 1/35 [Jessica/nerve-wracking pain (10)]
  1177 | D:2      | Killed Jessica
  1178 | D:2      | Reached skill level 1 in Spellcasting
  1321 | D:2      | Reached skill level 1 in Unarmed Combat
  1878 | D:2      | XOM: noise
  2038 | D:3      | Gained mutation: Spells you cast may paralyse adjacent
                  | enemies. [demonic ancestry]
  2038 | D:3      | Reached XP level 5. HP: 41/41 MP: 6/6
  2039 | D:3      | Found a broken altar of Ashenzari.
  2049 | D:3      | XOM: 5-stop teleportation journey
  2125 | D:3      | Got Urolangu's Verses on the Fetching Glacier
  2132 | D:3      | Learned a level 5 spell: Yara's Violent Unravelling
  2385 | D:4      | Noticed Pikel
  2385 | D:4      | Noticed a lemure
  2385 | D:4      | XOM: 1-stop teleportation journey
  2386 | D:4      | Noticed a lemure
  2386 | D:4      | Noticed a lemure
  2395 | D:4      | Killed a lemure
  2397 | D:4      | Killed a lemure
  2400 | D:4      | Killed a lemure
  2401 | D:4      | Killed Pikel
  2402 | D:4      | Reached skill level 5 in Axes
  2402 | D:4      | Reached skill level 1 in Hexes
  2402 | D:4      | Reached skill level 1 in Alchemy
  2402 | D:4      | Gained mutation: You are completely covered in icy blue
                  | scales. (AC +4, rC+) [demonic ancestry]
  2402 | D:4      | Reached XP level 6. HP: 20/48 MP: 6/8
  2402 | D:4      | Gained mutation: You may rarely emit foul miasma when
                  | damaged in melee. [demonic ancestry]
  2402 | D:4      | Reached XP level 7. HP: 22/54 MP: 6/9
  2673 | D:4      | XOM: scenery: create altars
  2756 | D:4      | XOM: summons friendly chaos spawn
  2807 | D:4      | XOM: give mutations
  2807 | D:4      | Gained mutation: You have an increased reservoir of magic.
                  | (+10% MP) [Xom's grace]
  2807 | D:4      | Gained mutation: You passively map a small area around you.
                  | [Xom's grace]
  2807 | D:4      | Gained mutation: You have large cloven feet. [Xom's grace]
  2822 | D:4      | Found a stormy altar of Qazlal.
  2824 | D:4      | Noticed a fire elemental
  2824 | D:4      | Noticed a water elemental
  2824 | D:4      | Noticed an air elemental
  2892 | D:4      | XOM: cloud trail
  2975 | D:4      | XOM: cloud trail
  3036 | D:4      | Found a sparkling altar of Nemelex Xobeh.
  3222 | D:4      | Found Sycsakha's Magic Scroll Shoppe.
  3305 | D:5      | Entered Level 5 of the Dungeon
  3346 | D:5      | Learned a level 2 spell: Jinxbite
  3361 | D:5      | Reached XP level 8. HP: 45/60 MP: 12/12
  3498 | D:5      | Found Cankac's Assorted Antiques.
  3623 | D:5      | XOM: scenery: summon butterflies
  3691 | D:5      | Found a staircase to the Ecumenical Temple.
  3796 | D:5      | Found an iron altar of Okawaru.
  3818 | D:5      | Reached skill level 6 in Axes
  3910 | D:5      | Found Fuag's Antique Armour Emporium.
  3913 | D:5      | Bought a shiny scale mail for 140 gold pieces
  4090 | D:5      | XOM: 3-stop teleportation journey
  4095 | D:5      | Identified the +0 buckler of Jekadgh {Int+2} (Xom gifted it
                  | to you on level 5 of the Dungeon)
  4095 | D:5      | XOM: god gift: +0 buckler of Jekadgh {Int+2}
  4126 | D:5      | Found Oreczop's Weapon Shop.
  4130 | D:5      | Found Cist's Weapon Boutique.
  4188 | D:5      | XOM: scenery: create altars
  4351 | D:6      | XOM: butterfly on damage
  4476 | D:6      | Found a radiant altar of Vehumet.
  4476 | D:6      | XOM: 10-stop teleportation journey
  4737 | D:6      | XOM: give mutations
  4737 | D:6      | Gained mutation: Your flesh is heat resistant. (rF+) [Xom's
                  | grace]
  4737 | D:6      | Gained mutation: Your mind is acute. (Int +4, Str/Dex -1)
                  | [Xom's grace]
  4739 | D:6      | Reached XP level 9. HP: 64/67 MP: 14/14
  4802 | D:6      | Found a basalt altar of Yredelemnul.
  4823 | D:6      | Noticed Grinder
  4836 | D:6      | Killed Grinder
  4837 | D:6      | Reached skill level 7 in Axes
  4862 | D:6      | XOM: polymorph black bear -> shapeshifter
  4909 | D:6      | Noticed Edmund
  4924 | D:6      | Killed Edmund
  4925 | D:6      | Reached skill level 5 in Fighting
  5084 | D:6      | XOM: cleaving
  5444 | D:6      | XOM: silly message
  5530 | D:7      | XOM: silly message
  5598 | D:7      | XOM: silly message
  5659 | D:7      | XOM: divination: detect items
  5820 | D:7      | XOM: silly message
  5945 | D:7      | Found a snail-covered altar of Cheibriados.
  5953 | D:7      | Found a hide-covered altar of Uskayaw.
  5960 | D:7      | Found an ancient bone altar of Kikubaaqudgha.
  5975 | D:7      | Found a shimmering altar of Xom.
  5991 | D:7      | Found a shadowy altar of Dithmenos.
  6058 | D:7      | Reached skill level 1 in Evocations
  6413 | D:8      | XOM: divination: detect items
  6561 | D:8      | Noticed Grum
  6562 | D:8      | XOM: silly message
  6580 | D:8      | Killed Grum
  6583 | D:8      | Gained mutation: You sometimes emit foul miasma when
                  | damaged in melee. [demonic ancestry]
  6583 | D:8      | Reached XP level 10. HP: 12/74 MP: 16/16
  6875 | D:8      | XOM: chaos upgrade
  6971 | D:8      | XOM: scenery: create altars
  7106 | D:8      | XOM: god gift: 503 gold pieces
  7114 | D:8      | XOM: smoke on damage
  7115 | D:8      | XOM: enchant monster (bad)
  7123 | D:8      | Reached skill level 8 in Axes
  7175 | D:8      | XOM: silly message
  7279 | D:9      | Found Fuorch's Antique Weapon Shop.
  7289 | D:9      | XOM: confusion
  7291 | D:9      | XOM: cleaving
  7295 | D:9      | XOM: swap monsters
  7334 | D:9      | Bought a glowing battleaxe for 266 gold pieces
  7476 | D:9      | Reached skill level 5 in Armour
  7496 | D:9      | Noticed a two-headed ogre
  7501 | D:9      | HP: 3/76 [two-headed ogre/+0 giant club (23)]
  7502 | D:9      | Slain by a two-headed ogre

Illustrated notes

Levels and vault maps discovered:
D:1:      shiori_arrival_maze, layout_basic,
          hellmonk_ecumenical_altar_heavens_door
D:2:      layout_basic, minivault_5, uniq_jessica
D:3:      layout_basic, ashenzari_altar_1
D:4:      minmay_skewed_foursquare, layout_loops_ring, general_overflow_altar,
          nicolae_qazlal_style_of_elements, serial_shops,
          nicolae_shop_rolled_up, nicolae_zig_zag_zippers, uniq_pikel
D:5:      lemuel_ratsnest, layout_cave_pools, kennysheep_mini_moat,
          minmay_temple_entry_overgrown, serial_shops, shop,
          nicolae_shop_real_fake_doors, nicolae_shop_gibbet_a_chance,
          nicolae_shop_crystal
D:6:      layout_gridville, kennysheep_ying_yang, mainiacjoe_overflow_boulevard,
          amcnicky_mini_pool_medium, uniq_grinder, uniq_edmund
D:7:      layout_loops_ring, grunt_temple_overflow_octagram
D:8:      layout_rooms, uniq_grum
D:9:      layout_rooms, mainiacjoe_overflow_six_doors_small, lair_entry_dummy,
          serial_glass, glass_columns_b, glass_columns_b, feat_on_display,
          serial_shops, nicolae_shop_just_a_little_nook

Skill      XL: |  1  2  3  4  5  6  7  8  9 10 |
---------------+-------------------------------+-----
Dodging        | 1 2 3 |  3.6
Axes           | 3 5 6 7 8 |  8.2
Stealth        | 1 2 3 4 |  4.2
Armour         | 2 3 4 5 |  5.0
Spellcasting   | 1 2 3 |  3.3
Unarmed Combat | 1 2 3 |  3.5
Fighting       | 4 5 6 |  6.0
Hexes          | 1 2 3 |  3.5
Alchemy        | 1 2 3 |  3.1
Evocations     | 1 2 |  2.4
Shields        | |  0.7

Action                     |  1- 3 |  4- 6 |  7- 9 | 10-12 || total
---------------------------+-------+-------+-------+-------++-------
  Melee: Hand axe          |    83 |    95 |   406 |    59 ||   643
         Tailslap          |     2 |    13 |    53 |    16 ||    84
         Battleaxe         |       |       |       |     2 ||     2
    Use: Scroll            |     1 |     3 |     9 |     3 ||    16
         Potion            |       |     4 |     7 |       ||    11
   Stab: Sleeping          |     3 |       |       |       ||     3
         Confused          |     1 |       |     2 |       ||     3
         Invisible         |       |       |     4 |       ||     4
         Petrifying        |       |       |     1 |       ||     1
         Paralysed         |       |       |     1 |       ||     1
 Armour: Leather armour    |    45 |     7 |       |       ||    52
         Scale mail        |       |    41 |   230 |    57 ||   328
         Chain mail        |       |       |    50 |       ||    50
         Skin              |       |       |    43 |       ||    43
  Dodge: Dodged            |    46 |    45 |   181 |    39 ||   311
  Block: Buckler           |       |       |    36 |     8 ||    44

Table legend: (Time is in decaauts)
 A = Elapsed time spent in this place.
 B = Non-inter-level travel time spent in this place.
 C = Inter-level travel time spent in this place.
 D = Time resting spent in this place.
 E = Time spent auto-exploring this place.
 F = Levels seen in this place.
 G = Mean time per level.
                   A        B        C        D        E       F      G
               +--------+--------+--------+--------+--------+-----+--------+
         Total |   7506 |   7203 |    303 |      0 |   5792 |   9 |  834.0 |
       Dungeon |   7506 |   7203 |    303 |      0 |   5792 |   9 |  834.0 |
               +--------+--------+--------+--------+--------+-----+--------+

Top non-repeatable levels by time:
     D:6: 1110 daAuts
     D:1: 1047 daAuts
     D:5: 1033 daAuts
     D:7: 927 daAuts
     D:4: 920 daAuts
     D:8: 897 daAuts
     D:2: 882 daAuts
     D:3: 465 daAuts
     D:9: 221 daAuts
